 Dungeon Crawl Stone Soup version 0.30-a0-1082-g70414cbcbb (webtiles) character file.

Game seed: 22386439407006999

234515 holysushi the Spry (level 18, -4/80 HPs)
             Began as a Demonspawn Fighter on Apr 16, 2023.
             Was the Champion of Hepliaklqana.
             Killed from afar by a starcursed mass (7 damage)
             ... with an accursed screaming
             ... on level 4 of the Abyss.
             The game lasted 01:00:39 (37234 turns).

holysushi the Spry (Demonspawn Fighter)            Turns: 37234, Time: 01:00:39

Health: -4/80      AC: 12    Str: 15      XL:     18   Next: 88%
Magic:  0/28       EV: 36    Int:  4 (7)  God:    Hepliaklqana [******]
Gold:   2601       SH: 22    Dex: 18 (19) Spells: 44/45 levels left

rFire   + . .      SeeInvis .    G - +10 trident "Rykul" {speed, Str+3}
rCold   + . .      Faith    .    U - +5 kite shield
rNeg    + . .      Spirit   +    p - +2 robe {rC+}
rPois   +          Reflect  +    (helmet restricted)
rElec   .          Rampage  .    x - +2 cloak {rPois}
rCorr   .          Rage     9%   e - +2 pair of gloves {Dex+3}
Will    +....                    T - +2 pair of boots of Dozureem {rF+ Stlth+}
Stlth   ++++++                   V - amulet of the Butterfly {Reflect rN+ SH+5}
HPRegen 0.33/turn                R - +5 ring of evasion
MPRegen 0.42/turn                Q - +5 ring of evasion

@: on berserk cooldown, slowed, unable to read, unable to drink, very slow
A: reduced essence, horns 2, repulsion field 2, powered by pain 2, magic shield,
magic regeneration, magic link, deformed body, [berserk 2], [clumsy 2],
[deterioration 2], [dopey 2], [frail 3], [low MP 2], [screaming 2],
([teleportitis 2]), [weak 2], inability to drink after injury 1[+1], [inability
to read after injury 2]
}: 1/15 runes: serpentine
a: Renounce Religion, Recall Ancestor, Ancestor Identity, Transference, Idealise


You were on level 4 of the Abyss.
You worshipped Hepliaklqana.
Hepliaklqana was exalted by your worship.
You visited 5 branches of the dungeon, and saw 27 of its levels.
You visited the Abyss 2 times.
You also visited: Gauntlet and Ice Cave.

You collected 4720 gold pieces.
You spent 2119 gold pieces at shops.

Inventory:

Hand Weapons
 y - a +1 rapier of speed
 G - the +10 trident "Rykul" (weapon) {speed, Str+3}
   (You found it on level 6 of the Dungeon)

   Str:       It affects your strength (+3).
Armour
 e - a +2 pair of gloves of dexterity (worn)
 p - a +2 robe of cold resistance (worn)
 u - a +2 leather armour of fire resistance
 x - a +2 cloak of poison resistance (worn)
 T - the +2 pair of boots of Dozureem (worn) {rF+ Stlth+}
   (You found it in an ice cave)

   rF:        It protects you from fire.
   Stlth:     It makes you more stealthy.
 U - a +5 kite shield (worn)
Jewellery
 f - a ring of willpower
 F - a +4 ring of slaying
 Q - a +5 ring of evasion (right hand)
 R - a +5 ring of evasion (left hand)
 V - the amulet of the Butterfly (around neck) {Reflect rN+ SH+5}
   (You found it on level 3 of the Lair of Beasts)

   [amulet of reflection]

   It reflects blocked missile attacks.
   rN:        It protects you from negative energy.
   SH:        It affects your SH (+5).
 Y - a ring of magical power
 Z - a +6 ring of dexterity
Wands
 t - a wand of iceblast (35)
 v - a wand of polymorph (4)
 C - a wand of acid (9)
 D - a wand of mindburst (10)
 O - a wand of charming (11)
 P - a wand of flame (61)
Scrolls
 b - a scroll of enchant armour
 h - 6 scrolls of immolation
 i - 2 scrolls of torment
 r - 3 scrolls of fog
 w - a scroll of magic mapping
 z - 5 scrolls of fear
 B - a scroll of butterflies
 E - 5 scrolls of amnesia
 I - 4 scrolls of blinking
 J - 4 scrolls of silence
 K - 3 scrolls of vulnerability
Potions
 d - 6 potions of might
 g - 7 potions of lignification
 j - 3 potions of berserk rage
 k - 9 potions of curing
 l - 5 potions of haste
 m - 3 potions of ambrosia
 n - a potion of invisibility
 o - 4 potions of heal wounds
 q - 5 potions of magic
 s - 4 potions of flight
 A - 6 potions of attraction
 H - 5 potions of brilliance
 M - 2 potions of cancellation
 N - a potion of mutation
 S - a potion of resistance
Miscellaneous
 a - a phantom mirror (inert)
 c - a phial of floods
 W - a lightning rod (2/4)


   Skills:
 - Level 10.0 Fighting
 - Level 9.7 Short Blades
 - Level 14.0 Polearms
 - Level 2.6 Armour
 + Level 18.2 Dodging
 - Level 10.0 Stealth
 - Level 10.0 Shields
 - Level 14.0 Spellcasting
 - Level 5.0 Invocations
 - Level 4.0 Evocations


You had 44 spell levels left.
You knew the following spells:

 Your Spells              Type           Power      Damage    Failure   Level
a - Apportation           Tloc           4%         N/A       30%         1

Your spell library contained the following spells:

 Spells                   Type           Power      Damage    Failure   Level
 Foxfire                  Conj/Fire      8%         2x1d4     30%         1
 Necrotise                Necr           8%         1d4       30%         1
 Summon Small Mammal      Summ           8%         N/A       30%         1
 Poisonous Vapours        Pois/Air       4%         N/A       41%         2
 Frozen Ramparts          Ice            4%         1d1       65%         3
 Gell's Gravitas          Tloc           2%         N/A       65%         3
 Mephitic Cloud           Conj/Pois/Air  2%         N/A       65%         3
 Ozocubu's Armour         Ice            2%         N/A       65%         3
 Teleport Other           Tloc           2%         N/A       65%         3
 Vhi's Electric Charge    Tloc/Air       4%         N/A       65%         3
 Animate Armour           Summ/Erth      4%         N/A       96%         4
 Ice Form                 Ice/Tmut       2%         N/A       96%         4
 Leda's Liquefaction      Hex/Erth       1%         N/A       96%         4
 Manifold Assault         Tloc           2%         N/A       96%         4
 Summon Ice Beast         Ice/Summ       2%         N/A       96%         4
 Alistair's Intoxication  Tmut/Pois      1%         N/A       100%        5
 Arcjolt                  Conj/Air       1%         1d11      100%        5
 Blade Hands              Tmut           1%         N/A       100%        5
 Fireball                 Conj/Fire      1%         3d3       100%        5
 Freezing Cloud           Conj/Ice/Air   1%         6-21      100%        5
 Iskenderun's Battlesphe  Conj           2%         2d6       100%        5
 Lee's Rapid Deconstruct  Erth           1%         3d4*      100%        5
 Metabolic Englaciation   Hex/Ice        1%         N/A       100%        5
 Summon Forest            Summ/Tloc      1%         N/A       100%        5
 Summon Mana Viper        Hex/Summ       2%         N/A       100%        5
 Dispersal                Tloc           1%         N/A       100%        6
 Eringya's Noxious Bog    Tmut/Pois      1%         N/A       100%        6
 Iron Shot                Conj/Erth      1%         9d1       100%        6
 Plasma Beam              Fire/Air       1%         2x1d12    100%        6
 Simulacrum               Ice/Necr       1%         N/A       100%        6
 Starburst                Conj/Fire      1%         6d3       100%        6
 Statue Form              Tmut/Erth      1%         N/A       100%        6
 Monstrous Menagerie      Summ           1%         N/A       100%        7
 Ozocubu's Refrigeration  Ice            1%         4d7       100%        7
 Spellforged Servitor     Conj/Summ      1%         N/A       100%        7
 Summon Hydra             Summ           1%         N/A       100%        7
 Borgnjor's Revivificati  Necr           1%         N/A       100%        8
 Disjunction              Tloc           1%         N/A       100%        8
 Necromutation            Tmut/Necr      1%         N/A       100%        8
 Death's Door             Necr           1%         N/A       100%        9
 Polar Vortex             Ice            1%         N/A       100%        9


Dungeon Overview and Level Annotations

Branches:
Dungeon (13/15) Zot: 25987  Temple (0/1) D:4            Lair (5/5) D:10 Zot: 24386
  Swamp (0/4) Lair:2        Snake (4/4) Lair:3 Zot: 17147   Slime (0/5) Lair:4
    Orc (2/2) D:9 Zot: 9080     Elf (3/3) Orc:2 Zot: 13441  Vaults (0/5) D:13
  IceCv (visited)         Gauntlet (visited)

Altars:
Ashenzari
Cheibriados
Dithmenos
Hepliaklqana
Kikubaaqudgha
Makhleb
Nemelex Xobeh
Okawaru
Qazlal
Sif Muna
Vehumet
Wu Jian
Xom
Yredelemnul

Shops:
D:3 [   D:9 =(   D:11 *   Orc:1 [   Orc:2 ?=*(   Elf:2 ==   Elf:3 :([*
Snake:1 *   Snake:3 ==:

Portals:
Pandemonium: Orc:2

Annotations:
Lair:4 3 runed translucent doors, Fagh's ghost, journeyman DsCK
Orc:1 3 runed translucent doors, Bekuax's ghost, journeyman MfVM
Elf:3 1 exclusion


Innate Abilities, Weirdness & Mutations

Your life essence is reduced to manifest your ancestor. (-10% HP)
You have a pair of horns on your head.
You are surrounded by a moderate repulsion field. (EV +3)
You sometimes gain power by taking damage.
When hurt, damage is shared between your health and your magic reserves.
You regenerate magic rapidly.
When low on magic, you restore magic in place of health.
Armour fits poorly on your strangely shaped body.
[You have an uncontrollable temper.]
[You are very clumsy. (Dex -4)]
[Your body often deteriorates upon taking damage.]
[You are very dopey. (Int -4)]
[You are extremely frail. (-30% HP)]
[Your magical capacity is very low. (-20% MP)]
[You frequently scream uncontrollably at your foes.]
[((You are often teleported next to monsters.))]
[You are very weak. (Str -4)]
[You sometimes lose the ability to drink potions when taking damage.]
[You sometimes lose the ability to read scrolls when taking damage.]


Message History

The starspawn tentacle is severely damaged.
The thunderbolt hits the starcursed mass!
The starcursed mass is almost destroyed.
The thunderbolt hits the starcursed mass!
The starcursed mass is severely damaged.
The thunderbolt hits the starcursed mass.
The starcursed mass is moderately damaged.
The thunderbolt hits the starcursed mass.
The starcursed mass is heavily damaged.
The thunderbolt hits the starcursed mass.
The starcursed mass is heavily damaged.
The thunderbolt hits the starcursed mass.
The starcursed mass is severely damaged.
The starcursed mass shudders and is absorbed by its neighbour. x7
You hear a trumpeting!
The hell hog closely misses you. You block the hell hog's attack.
You block the tentacled starspawn's attack.
The tentacled starspawn tentacle-slaps you but does no damage.
The raiju completely misses you.
The tentacled starspawn closely misses you.
The tentacled starspawn completely misses you.
The tentacled starspawn bites you!
* * * LOW HITPOINT WARNING * * *
The tentacled starspawn misses you.
You cannot drink potions in your current state!
Unknown command.
Okay, then.
Unknown command.
You cannot read scrolls in your current state!
Unknown command.
Okay, then.
Unknown command.
You hit the raiju. You headbutt the raiju.
The raiju is lightly wounded.
You block the hell hog's attack.
You block the tentacled starspawn's attack.
The tentacled starspawn misses you.
A starcursed mass splits.
The raiju splashes around in the water.
A chorus of shrieks assaults your mind.
You die...

♣.. ~~~ . ..
..~~... ~.
♣.~~~.♣
~##..~~~..♣ ♣~~
~~~~~.♣
♣~x~X~~~.♣♣
#♣~X.X.~~~~~.
#wwh#Xw~~~~..
#*XX@XXX~...
#..X##♣♣hw..♣..
... ♣.♣♣♣♣ . *
#.# #♣ . .## .
. #..# ..# # .#
.#. # ##...# #
# # # . . .


You could see 4 starcursed masses, 4 tentacled starspawn, a wretched star, a
hell hog, a thrashing horror, a large abomination, a raiju, a small abomination
and 4 starspawn tentacles.

Vanquished Creatures
  Jorgrun (D:12)
  A deep elf blademaster (Elf:2)
  An Ice Fiend (IceCv)
  A tentacled starspawn (Abyss:4)
  A shadow dragon (Elf:1)
  A balrug (Abyss:4)
  Aizul (Snake:4)
  3 deep elf demonologists (Elf:1)
  A minotaur (Gauntlet)
  A blizzard demon (Abyss:2)
  A green death (Abyss:2)
  2 deep elf death magi
  A deep elf high priest (Elf:1)
  2 fire dragons (Elf:1)
  4 hydras
  5 salamander tyrants
  3 demonspawn (Orc:2)
  A merfolk avatar (Lair:5)
  A boulder beetle (D:13)
  9 anacondas
  2 two-headed ogres
  23 dancing weapons
  17 naga warriors
  3 hell hogs
  Urug (Lair:1)
  3 orc high priests
  12 naga sharpshooters
  5 shock serpents
  19 deep elf knights
  3 thrashing horrors
  A soul eater (Orc:2)
  Nergalle (Lair:2)
  Lodul (D:10)
  4 wretched stars (Abyss:4)
  A skyshark (Lair:5)
  10 salamander mystics
  5 sea snakes
  A naga ritualist (Snake:1)
  A spriggan simulacrum (IceCv)
  A bog body (IceCv)
  7 orc knights
  2 necromancers (Gauntlet)
  28 deep elf pyromancers
  2 lindwurms (Snake:4)
  26 deep elf zephyrmancers
  13 deep elf archers
  9 mana vipers
  A shining eye (Abyss:4)
  A wolf spider (Lair:1)
  21 salamanders
  7 orc sorcerers (Orc:2)
  4 manticores
  6 cyclopes
  3 worldbinders
  6 elephants
  8 guardian serpents
  12 naga magi
  26 black mambas
  A torpor snail (Lair:5)
  A smoke demon (Abyss:2)
  A hellion (Abyss:4)
  2 minotaur zombies (Gauntlet)
  A kobold demonologist (D:11)
  6 cane toads
  4 yaktaurs (D:13)
  5 rime drakes
  2 gargoyles
  7 freezing wraiths
  5 ice devils (IceCv)
  An anaconda simulacrum (IceCv)
  8 polar bears
  A wind drake (shapeshifter) (Elf:2)
  An ancient zyme (Abyss:2)
  3 meliai (D:13)
  A hellwing (Abyss:2)
  6 trolls
  2 hornets
  23 blink frogs
  A raiju (Gauntlet)
  5 dream sheep (Lair:5)
  2 jumping spiders (shapeshifter)
  8 slime creatures
  2 flying skulls (Abyss:2)
  2 shadows
  3 air elementals
  2 wyverns
  4 water elementals
  A dire elephant simulacrum (IceCv)
  57 yaks
  2 fire bats (Orc:1)
  3 wraiths
  2 fire elementals (Elf:1)
  A large abomination (Abyss:4)
  A basilisk (Lair:1)
  A neqoxec (Abyss:4)
  3 steam dragons
  2 vampire mosquitoes (D:12)
  2 minotaur simulacra (IceCv)
  2 swamp worms (Gauntlet)
  5 wargs
  A chaos spawn (Abyss:4)
  An acid dragon (D:8)
  2 harpy simulacra (IceCv)
  28 nagas
  5 water moccasins
  31 orc warriors
  5 ice beasts
  4 black bears
  2 sky beasts
  23 wolves
  10 centaurs
  5 ogres
  A boggart (D:13)
  11 starcursed masses
  3 kobold brigands (D:13)
  Blork the orc (D:4)
  7 bullfrogs
  A scorpion (D:5)
  2 deep troll simulacra (IceCv)
  9 wights
  8 small abominations
  A lindwurm simulacrum (IceCv)
  2 electric eels
  5 howler monkeys (D:8)
  4 lava snakes (Snake:2)
  4 jellies
  3 hounds
  25 orc priests
  Jessica (D:2)
  6 hexers
  2 sleepcaps
  Natasha (twice) (D:2)
  13 orc wizards
  6 adders
  A shadow imp (Abyss:2)
  A white imp (D:5)
  2 ufetubi
  2 worms
  3 dart slugs
  74 orcs
  10 ball pythons
  5 bats
  10 endoplasms
  5 goblins
  5 hobgoblins
  2 jackals (D:1)
  3 quokkas
  A frilled lizard (D:1)
  6 kobolds
  6 rats
  A starspawn tentacle (Abyss:4)
900 creatures vanquished.

Vanquished Creatures (collateral kills)
  A storm dragon (Elf:1)
  A deep elf death mage (Elf:3)
  2 anacondas (Snake:4)
  A salamander tyrant (Snake:4)
  3 dancing weapons (Elf:2)
  3 naga warriors
  2 naga sharpshooters (Snake:1)
  2 orc high priests (Orc:2)
  A soul eater (Orc:2)
  A wretched star (Abyss:2)
  2 deep elf knights
  A salamander mystic (Snake:4)
  A skyshark (Lair:5)
  2 naga ritualists (Snake:4)
  A lindwurm (Snake:4)
  3 deep elf archers
  6 deep elf pyromancers
  A mana viper (Snake:4)
  A spriggan simulacrum (IceCv)
  3 deep elf zephyrmancers
  An orc sorcerer (Orc:2)
  7 salamanders
  5 elephants
  6 slime creatures
  4 black mambas
  A guardian serpent (Snake:4)
  2 naga magi
  3 cane toads
  A kobold demonologist (D:11)
  2 komodo dragons
  An unseen horror (D:10)
  2 rime drakes
  2 freezing wraiths (IceCv)
  An ice devil (IceCv)
  An ancient zyme (Abyss:2)
  A troll (D:11)
  2 tyrant leeches (Lair:2)
  A hornet (Lair:5)
  5 polar bears
  5 blink frogs
  A harpy skeleton (Abyss:2)
  A snapping turtle (Lair:5)
  Sigmund (D:2)
  A ynoxinul (Orc:2)
  A wyvern (D:8)
  A wraith (D:13)
  A fire elemental (Orc:1)
  14 yaks
  2 basilisks
  2 vampire mosquitoes (D:12)
  A neqoxec (Abyss:4)
  A swamp worm (Gauntlet)
  6 nagas
  2 water moccasins
  Pargi (D:4)
  9 orc warriors
  2 ice beasts
  8 ogres
  11 wolves
  2 centaurs
  A kobold brigand (D:9)
  2 small abominations (Abyss:2)
  A bullfrog (Lair:1)
  A wight (D:6)
  A howler monkey (D:8)
  2 lava snakes (Snake:2)
  A jelly (Lair:4)
  Crazy Yiuf (D:4)
  4 orc priests
  A starcursed mass (Abyss:4)
  3 orc wizards
  Natasha (D:2)
  An adder (D:3)
  32 orcs
  2 giant cockroaches (D:2)
  A goblin (D:2)
  5 hobgoblins
  6 kobolds
  A quokka (D:3)
  3 ball pythons
  2 bats (D:2)
  A lurking horror (Abyss:2)
232 creatures vanquished.

Vanquished Creatures (others)
  3 deep elf knights
  A salamander mystic (Snake:4)
  2 deep elf zephyrmancers
  4 deep elf pyromancers
  A large abomination (Abyss:4)
  An orc priest (Orc:2)
  47 hexers
  18 fungi
  32 plants
  8 starspawn tentacles (Abyss:4)
  23 withered plants (Gauntlet)
140 creatures vanquished.

Grand Total: 1272 creatures vanquished

Notes
Turn   | Place    | Note
-------+----------+-------------------------------------------
     0 | D:1      | holysushi the Demonspawn Fighter began the quest for the
                  | Orb.
     0 | D:1      | Reached XP level 1. HP: 18/18 MP: 1/1
   233 | D:1      | Gained mutation: You regenerate magic rapidly. [demonic
                  | ancestry]
   233 | D:1      | Reached XP level 2. HP: 23/24 MP: 2/2
   529 | D:1      | Found a faded altar of an unknown god.
   585 | D:1      | Prayed at the altar of an unknown god.
   585 | D:1      | Became a worshipper of Hepliaklqana the Forgotten
   585 | D:1      | Reached * piety under Hepliaklqana
   921 | D:1      | Reached XP level 3. HP: 26/26 MP: 3/3
  1509 | D:2      | Found a burning altar of Makhleb.
  1532 | D:2      | Reached ** piety under Hepliaklqana
  1533 | D:2      | Remembered your ancestor Dad? as a hexer
  1737 | D:2      | Gained mutation: When hurt, damage is shared between your
                  | health and your magic reserves. [demonic ancestry]
  1737 | D:2      | Reached XP level 4. HP: 15/31 MP: 4/4
  1799 | D:2      | Noticed Sigmund
  1983 | D:2      | Killed Sigmund
  1984 | D:2      | Reached skill level 5 in Short Blades
  1984 | D:2      | Reached XP level 5. HP: 19/36 MP: 5/5
  2244 | D:2      | Noticed Natasha
  2247 | D:2      | Killed Natasha
  2259 | D:2      | Noticed Jessica
  2260 | D:2      | Gained mutation: When low on magic, you restore magic in
                  | place of health. [demonic ancestry]
  2260 | D:2      | Reached XP level 6. HP: 41/42 MP: 6/6
  2270 | D:2      | Killed Jessica
  2271 | D:2      | Reached skill level 1 in Dodging
  2343 | D:2      | Noticed Natasha
  2355 | D:2      | Killed Natasha
  2570 | D:2      | Noticed Natasha
  2584 | D:2      | Killed Natasha
  2723 | D:2      | Found a burning altar of Makhleb.
  3205 | D:3      | Found Sianlir's Armour Emporium.
  4037 | D:3      | Bought a +0 pair of gloves of dexterity for 149 gold pieces
  4062 | D:4      | Noticed Pargi
  4216 | D:4      | Killed Pargi
  4217 | D:4      | Reached skill level 2 in Dodging
  4312 | D:4      | Found a staircase to the Ecumenical Temple.
  4331 | D:4      | Gained mutation: You have a pair of small horns on your
                  | head. [demonic ancestry]
  4331 | D:4      | Reached XP level 7. HP: 23/46 MP: 5/7
  4335 | D:4      | Reached skill level 1 in Stealth
  4537 | D:4      | Found a runed translucent door.
  4538 | D:4      | Noticed Crazy Yiuf
  4558 | D:4      | Reached *** piety under Hepliaklqana
  4590 | D:4      | Noticed Blork the orc
  4601 | D:4      | Killed Blork the orc
  4822 | D:4      | Found a shadowy altar of Dithmenos.
  4846 | D:4      | Found a shimmering blue altar of Sif Muna.
  4951 | D:4      | Killed Crazy Yiuf
  4981 | D:5      | Entered Level 5 of the Dungeon
  5031 | D:5      | Reached skill level 3 in Dodging
  5100 | D:5      | Gained mutation: You have a pair of horns on your head.
                  | [demonic ancestry]
  5100 | D:5      | Reached XP level 8. HP: 33/52 MP: 5/8
  5394 | D:5      | Reached skill level 4 in Dodging
  5828 | D:6      | Identified the +10 trident "Rykul" {speed, Str+3}
  5894 | D:6      | Reached **** piety under Hepliaklqana
  6163 | D:6      | Found a broken altar of Ashenzari.
  6297 | D:6      | Found an iron altar of Okawaru.
  6702 | D:7      | Gained mutation: You are surrounded by a mild repulsion
                  | field. (EV +2) [demonic ancestry]
  6702 | D:7      | Reached XP level 9. HP: 57/57 MP: 9/9
  7141 | D:7      | Reached skill level 5 in Dodging
  7329 | D:8      | Found a stormy altar of Qazlal.
  7463 | D:8      | Reached skill level 5 in Fighting
  7665 | D:8      | Found an ornate altar of the Wu Jian Council.
  7823 | D:8      | Reached skill level 6 in Dodging
  7829 | D:8      | Found a basalt altar of Yredelemnul.
  7971 | D:8      | Reached ***** piety under Hepliaklqana
  8217 | D:8      | Reached skill level 7 in Dodging
  8645 | D:9      | Found Qachic's Weapon Boutique.
  8645 | D:9      | Found a staircase to the Orcish Mines.
  8663 | D:9      | Reached skill level 1 in Spellcasting
  8884 | D:9      | Reached XP level 10. HP: 41/68 MP: 7/12
  9349 | D:9      | Reached skill level 8 in Dodging
  9515 | D:9      | Reached skill level 9 in Dodging
  9517 | D:9      | Found Ashriediz's Jewellery Shoppe.
  9534 | D:9      | Bought an amulet of reflection for 480 gold pieces
  9882 | D:10     | Entered Level 10 of the Dungeon
  9901 | D:10     | Reached skill level 10 in Dodging
 10096 | Orc:1    | Entered Level 1 of the Orcish Mines
 10117 | D:10     | Noticed a two-headed ogre
 10199 | D:9      | Killed a two-headed ogre
 10200 | D:9      | Gained mutation: You sometimes gain a little power by
                  | taking damage. [demonic ancestry]
 10200 | D:9      | Reached XP level 11. HP: 70/72 MP: 16/16
 10236 | D:9      | Reached skill level 11 in Dodging
 10332 | D:10     | Noticed Lodul
 10341 | D:10     | Killed Lodul
 10357 | D:10     | Reached skill level 12 in Dodging
 10361 | D:10     | Found a staircase to the Lair.
 10447 | D:10     | Noticed an orc knight
 10624 | D:10     | Killed an orc knight
 10725 | D:10     | Found a sparkling altar of Nemelex Xobeh.
 10764 | D:10     | Found an ancient bone altar of Kikubaaqudgha.
 10879 | D:9      | Bought a +5 ring of evasion for 576 gold pieces
 11027 | Lair:1   | Entered Level 1 of the Lair of Beasts
 11035 | Lair:1   | Noticed a wolf spider
 11047 | Lair:1   | Killed a wolf spider
 11048 | Lair:1   | Reached skill level 13 in Dodging
 11061 | Lair:1   | Noticed Urug
 11302 | Lair:1   | Killed Urug
 11381 | Lair:1   | Reached XP level 12. HP: 70/79 MP: 14/17
 11386 | Lair:1   | Reached skill level 14 in Dodging
 11723 | Lair:1   | Found a shimmering altar of Xom.
 11741 | Lair:1   | Reached skill level 15 in Dodging
 12210 | Lair:2   | Noticed a six-headed hydra
 12222 | Lair:2   | Killed a six-headed hydra
 12427 | Lair:2   | Noticed Nergalle
 12450 | Lair:2   | Killed Nergalle
 12720 | Lair:2   | Reached ****** piety under Hepliaklqana
 12996 | Lair:2   | Found a staircase to the Swamp.
 13281 | Lair:3   | Found a staircase to the Snake Pit.
 13406 | Lair:3   | Reached skill level 10 in Fighting
 13455 | Lair:3   | Reached XP level 13. HP: 59/92 MP: 15/19
 13558 | Lair:3   | Found a shimmering blue altar of Sif Muna.
 13654 | Lair:3   | Identified the amulet of the Butterfly {Reflect rN+ SH+5}
 13695 | Lair:3   | Reached skill level 5 in Spellcasting
 14114 | Lair:4   | Reached skill level 1 in Polearms
 14280 | Lair:4   | Found a runed translucent gate.
 14280 | Lair:4   | Found a runed translucent gate.
 14280 | Lair:4   | Found a runed translucent gate.
 14327 | Lair:4   | Identified a scroll of acquirement
 14328 | Lair:4   | Acquired 858 gold pieces
 14547 | D:3      | Bought a +2 leather armour of fire resistance for 247 gold
                  | pieces
 14958 | Lair:4   | Found a staircase to the Slime Pits.
 15445 | Lair:4   | Noticed Fagh's ghost (journeyman DsCK)
 15633 | Lair:5   | Entered Level 5 of the Lair of Beasts
 15647 | Lair:5   | Reached skill level 5 in Polearms
 16342 | Lair:5   | Gained mutation: You are surrounded by a moderate repulsion
                  | field. (EV +3) [demonic ancestry]
 16342 | Lair:5   | Reached XP level 14. HP: 99/99 MP: 26/26
 16938 | Orc:1    | Found a runed translucent gate.
 16940 | Orc:1    | Found a runed translucent gate.
 16950 | Orc:1    | Found a runed translucent gate.
 16954 | Orc:1    | Noticed a stone giant
 16954 | Orc:1    | Noticed Bekuax's ghost (journeyman MfVM)
 16955 | Orc:1    | Found the +10 morningstar "Eos" {elec, Halo rElec}
 16991 | Orc:1    | Found an iron altar of Okawaru.
 17065 | Orc:1    | Reached skill level 1 in Invocations
 17073 | Orc:1    | Found Belogg's Armour Emporium.
 17198 | Orc:1    | Found a burning altar of Makhleb.
 17626 | Orc:2    | Entered Level 2 of the Orcish Mines
 17878 | Orc:2    | Found Dupok's General Store.
 17879 | Orc:2    | Found Lyniyrr's Magic Scroll Emporium.
 18409 | Orc:2    | Found a staircase to the Elven Halls.
 18576 | Orc:2    | Bought a scroll of teleportation for 45 gold pieces
 18576 | Orc:2    | Bought a scroll of teleportation for 45 gold pieces
 18576 | Orc:2    | Bought a scroll of magic mapping for 112 gold pieces
 18576 | Orc:2    | Bought a scroll of fear for 60 gold pieces
 18578 | Orc:2    | Bought a potion of haste for 120 gold pieces
 18589 | Orc:2    | Bought a scroll of identify for 24 gold pieces
 18832 | Orc:2    | Reached skill level 5 in Stealth
 18832 | Orc:2    | Reached skill level 5 in Shields
 19515 | Orc:2    | Reached skill level 5 in Invocations
 19554 | Orc:2    | Found Xoveniga's Antique Weapon Boutique.
 19554 | Orc:2    | Found Nied's Jewellery Shop.
 19554 | Orc:2    | Found a one-way gate leading to the halls of Pandemonium.
 19895 | D:11     | Found a gate leading to a gauntlet.
 19986 | Gauntlet | Entered a Gauntlet
 19986 | Gauntlet | Found a transporter.
 19986 | Gauntlet | Found a transporter.
 19994 | Gauntlet | Noticed a quicksilver ooze
 20171 | Gauntlet | Found a transporter.
 20173 | Gauntlet | Found a transporter.
 20184 | Gauntlet | Found a transporter.
 20199 | Gauntlet | Found a transporter.
 20206 | Gauntlet | Found a transporter.
 20224 | Gauntlet | Found a transporter.
 20232 | Gauntlet | Found a transporter.
 20250 | Gauntlet | Found a transporter.
 20291 | Gauntlet | Found a transporter.
 20306 | Gauntlet | Found a transporter.
 20437 | Gauntlet | Acquired a +0 rapier of speed
 20523 | Gauntlet | Reached skill level 10 in Spellcasting
 20881 | D:11     | Found Cier's General Store.
 21209 | D:12     | Reached XP level 15. HP: 100/103 MP: 29/29
 21844 | D:12     | Noticed Jorgrun
 21857 | D:12     | Killed Jorgrun
 22062 | D:13     | Found a snail-covered altar of Cheibriados.
 22458 | D:13     | Found a gate to the Vaults.
 23021 | Elf:1    | Entered Level 1 of the Elven Halls
 23159 | Snake:1  | Entered Level 1 of the Snake Pit
 23460 | Snake:1  | Found Toacacs's Assorted Antiques.
 23466 | Snake:1  | Reached skill level 10 in Polearms
 24291 | Snake:1  | Reached skill level 10 in Stealth
 24291 | Snake:1  | Reached skill level 1 in Evocations
 24893 | Snake:2  | Found a frozen archway.
 24928 | IceCv    | Entered an ice cave
 25213 | IceCv    | Noticed an Ice Fiend
 25230 | IceCv    | Killed an Ice Fiend
 25231 | IceCv    | Gained mutation: You sometimes gain power by taking damage.
                  | [demonic ancestry]
 25231 | IceCv    | Reached XP level 16. HP: 36/109 MP: 12/30
 25746 | IceCv    | Identified the +2 pair of boots of Dozureem {rF+ Stlth+}
 26281 | Snake:2  | Found Juts's General Store.
 28066 | Snake:3  | Found Roich's Book Shop.
 28067 | Snake:3  | Found Medut's Jewellery Shoppe.
 28067 | Snake:3  | Found Xisyluf's Jewellery Shoppe.
 28623 | Snake:4  | Entered Level 4 of the Snake Pit
 28779 | Snake:4  | Noticed Aizul
 28802 | Snake:4  | Killed Aizul
 29604 | Snake:4  | Reached XP level 17. HP: 102/115 MP: 28/31
 29699 | Snake:4  | Reached skill level 10 in Shields
 29848 | Snake:4  | Got a serpentine rune of Zot
 31656 | Elf:1    | Found a radiant altar of Vehumet.
 33353 | Elf:1    | Reached skill level 16 in Dodging
 33355 | Elf:1    | Found a runed translucent gate.
 33355 | Elf:1    | Found a runed translucent gate.
 33355 | Elf:1    | Found a runed translucent gate.
 33355 | Elf:1    | Found a runed translucent gate.
 33355 | Elf:1    | Found a runed translucent gate.
 33358 | Elf:1    | Found a runed translucent gate.
 33516 | Elf:1    | Reached XP level 18. HP: 88/120 MP: 27/34
 33908 | Elf:2    | Found a runed translucent gate.
 33909 | Elf:2    | Found a runed translucent gate.
 33909 | Elf:2    | Found a runed translucent gate.
 34030 | Elf:2    | Found Witroow's Jewellery Emporium.
 34030 | Elf:2    | Found Pivatadd's Jewellery Shoppe.
 35628 | Elf:2    | Reached skill level 17 in Dodging
 35812 | Elf:3    | Entered Level 3 of the Elven Halls
 35918 | Elf:3    | Found Qufouzuesch's Weapon Boutique.
 36015 | Elf:3    | Found a transporter.
 36019 | Elf:3    | Found Tucliv's Book Boutique.
 36087 | Elf:3    | Found a transporter.
 36098 | Elf:3    | Learned a level 1 spell: Apportation
 36226 | Elf:3    | Found Vufoklu's Antique Armour Shoppe.
 36229 | Elf:3    | Bought a bronze ring mail for 261 gold pieces
 36229 | Elf:3    | Identified the +1 ring mail of the Morning Star {rF+ rN+}
                  | (You bought it in a shop on level 3 of the Elven Halls)
 36403 | Elf:3    | Found Oddah's Assorted Antiques.
 36495 | Abyss:2  | Found a corrupted altar of Lugonu.
 36495 | Abyss:2  | Cast into level 2 of the Abyss (a deep elf sorcerer)
 36783 | Abyss:2  | Found a corrupted altar of Lugonu.
 36783 | Abyss:2  | Found a corrupted altar of Lugonu.
 36783 | Abyss:2  | Found a corrupted altar of Lugonu.
 36791 | Abyss:2  | Noticed a lich
 36899 | Elf:3    | Escaped the Abyss
 36928 | Abyss:4  | Cast into level 4 of the Abyss (a deep elf sorcerer)
 37055 | Abyss:4  | Gained mutation: [You occasionally lose the ability to
                  | drink potions when taking damage.] [a neqoxec]
 37089 | Abyss:4  | Reached skill level 18 in Dodging
 37164 | Abyss:4  | Gained mutation: Armour fits poorly on your strangely
                  | shaped body. [a shining eye]
 37189 | Abyss:4  | Paralysed by accursed screaming for 1 turns
 37204 | Abyss:4  | Paralysed by accursed screaming for 2 turns
 37233 | Abyss:4  | HP: 3/80 [tentacled starspawn (7)]
 37234 | Abyss:4  | Killed from afar by a starcursed mass

Illustrated notes

Levels and vault maps discovered:
D:1:      onia_arrival_mini_maze, layout_basic, basic_ecumenical_altar
D:2:      layout_loops_ring, basic_altar, dreamdust_princess_bridge,
          uniq_natasha, uniq_sigmund, uniq_jessica
D:3:      layout_basic, serial_shops, shop
D:4:      layout_rooms, kennysheep_mini, mainiacjoe_overflow_catwalk,
          minmay_temple_entry_water_ring, minivault_5, uniq_crazy_yiuf_cottage,
          uniq_blork_the_orc, uniq_pargi
D:5:      layout_rooms
D:6:      layout_rooms, mainiacjoe_overflow_six_doors_small,
          kennysheep_mini_moat
D:7:      layout_layer_cave, tso_metal_star
D:8:      layout_loops_corners, mainiacjoe_overflow_brackets,
          nicolae_overflow_crystal_walls,
          mainiacjoe_overflow_concentric_impassable, amcnicky_altar_gilded,
          minmay_misc_feat_square, kennysheep_diamond
D:9:      layout_layer_cave, orc_david_3, serial_shops, shop_statue,
          minmay_misc_feat_rows
D:10:     layout_rooms, general_overflow_altar, mainiacjoe_overflow_chevrons,
          hellmonk_lair_entry_icy, nicolae_lava_and_water, uniq_lodul
D:11:     layout_rooms, gauntlet_entry_generic, special_room [special_room_orc],
          serial_shops, nicolae_lakefront_shop
D:12:     layout_loops_cross, item_on_display_a, uniq_jorgrun
D:13:     layout_rooms, hangedman_vaults_entry_quadrant_bands,
          hangedman_decor_slide_cut, kennysheep_slug_shrine
Lair:1:   layout_gridlike, basic_altar, nicolae_lair_run_with_the_wolves,
          uniq_urug
Lair:2:   layout_roguey, minmay_swamp_entry_worms, uniq_nergalle
Lair:3:   layout_gridlike, guppyfry_snake_entry_island, basic_altar,
          serial_bayou_ford_a, lemuel_fruit_tree
Lair:4:   layout_hall_layers, nicolae_slime_entry_field_trip,
          gammafunk_ghost_necromancy, enter_volcano_2, beast_lair_carwin_4,
          grunt_megastairs_4
Lair:5:   gammafunk_lair_ancient_temple, layout_regular_city
Snake:1:  layout_grid_shapes, serial_shops, nicolae_shop_tiny_glass
Snake:2:  layout_basic, serial_shops, shop, portal_ice_cave_entry_frozen_things,
          grunt_megastairs_3, serial_bayou_shore_a
Snake:3:  layout_misc_corridors, minmay_shop_grove, serial_bayou_shore_b
Snake:4:  snake_pit_salamanders_mu, layout_chambers, grunt_ministairs_7,
          nicolae_snake_gridmaze_swirls, uniq_aizul
Orc:1:    layout_caves, gammafunk_ghost_fury_of_okawaru, serial_shops,
          shop_fountains, nicolae_orc_lava_tube, bloody_makhleb
Orc:2:    pf_orc_diabolical, layout_diamond_mine, david_defended_altar_orc
Elf:1:    eino_elf_arrival_altar, layout_geoelf_grid, orc_legates
Elf:2:    nicolae_elf_blades_crystal_corner, layout_onion_city, minmay_shoptagon
Elf:3:    minmay_elf_hall_curves, layout_loops_corners, serial_shops,
          nicolae_shop_waterfront, shop, nicolae_shop_drivethru,
          nicolae_shop_bloodbath_and_beyond, nicolae_shop_behind_doors,
          hex_tiny, minmay_curled_crystal, eino_tiny_chamber
Abyss:4:  base: Swamp:1, serial_sigils_hangedman_gut,
          hangedman_abyss_feature_spike, evilmike_abyss_exit_glass,
          hangedman_abyss_feature_spike, spicy_abyss_pitcher_plant,
          hangedman_abyss_or_decor_slice, hangedman_abyss_or_decor_slice,
          nicolae_abyss_rune_star_stuff, nicolae_abyss_rune_star_stuff,
          serial_sigils_hangedman_shear

Skill      XL: |  1  2  3  4  5  6  7  8  9 10 11 12 13 14 15 16 17 18 |
---------------+-------------------------------------------------------+-----
Short Blades   | 2 3 5 6 7 9 |  9.7
Dodging        | 2 3 4 7 10 13 15 16 18 | 18.2
Stealth        | 2 3 6 10 | 10.0
Fighting       | 6 10 | 10.0
Spellcasting   | 1 3 4 8 10 12 14 | 14.0
Polearms       | 6 8 11 14 | 14.0
Shields        | 3 5 9 10 | 10.0
Invocations    | 5 |  5.0
Evocations     | 4 |  4.0
Armour         | |  2.6

Action                     |  1- 3 |  4- 6 |  7- 9 | 10-12 | 13-15 | 16-18 || total
---------------------------+-------+-------+-------+-------+-------+-------++-------
  Melee: Rapier            |   168 |   134 |   102 |       |       |       ||   404
         Headbutt          |       |       |    51 |   115 |   385 |   457 ||  1008
         Short sword       |       |       |    47 |       |       |       ||    47
         Trident           |       |       |    93 |   557 |  1598 |  1873 ||  4121
 Invoke: Ancestor Identity |     1 |       |       |       |       |       ||     1
         Ancestor Life: He |     1 |       |       |       |       |       ||     1
         Recall Ancestor   |       |     1 |     1 |     2 |     4 |     4 ||    12
         Idealise          |       |       |       |       |     1 |       ||     1
  Evoke: Lightning rod     |       |       |       |       |     4 |     2 ||     6
         Wand              |       |       |       |       |     3 |     4 ||     7
         Phantom mirror    |       |       |       |       |     1 |     1 ||     2
    Use: Scroll            |       |     9 |     1 |       |    28 |    13 ||    51
         Potion            |       |       |     1 |       |       |     5 ||     6
   Stab: Confused          |     2 |     1 |     5 |    13 |    31 |    31 ||    83
         Sleeping          |       |     1 |     4 |     3 |    15 |    24 ||    47
         Distracted        |       |       |     5 |    14 |    22 |    22 ||    63
         Paralysed         |       |       |       |       |    37 |    77 ||   114
 Armour: Scale mail        |    71 |    11 |       |       |       |       ||    82
         Robe              |       |    24 |    34 |    71 |    23 |    54 ||   206
         Steam dragon scal |       |       |       |       |    52 |       ||    52
         Leather armour    |       |       |       |       |     4 |       ||     4
  Dodge: Dodged            |    60 |    41 |    97 |   529 |  1028 |   765 ||  2520
  Block: Buckler           |    45 |    22 |    42 |   285 |   553 |       ||   947
         Reflection        |       |       |       |     1 |    49 |   125 ||   175
         Kite shield       |       |       |       |       |   117 |  1141 ||  1258

Table legend: (Time is in decaauts)
 A = Elapsed time spent in this place.
 B = Non-inter-level travel time spent in this place.
 C = Inter-level travel time spent in this place.
 D = Time resting spent in this place.
 E = Time spent auto-exploring this place.
 F = Levels seen in this place.
 G = Mean time per level.
                   A        B        C        D        E       F      G
               +--------+--------+--------+--------+--------+-----+--------+
         Total |  35930 |  33706 |   2224 |   5517 |  19791 |  31 | 1159.0 |
       Dungeon |  13979 |  12910 |   1069 |   1647 |   8490 |  13 | 1075.3 |
          Lair |   5613 |   5237 |    376 |    615 |   3353 |   5 | 1122.6 |
     Snake Pit |   6852 |   6440 |    412 |   1145 |   3839 |   4 | 1713.0 |
  Orcish Mines |   2919 |   2717 |    202 |    572 |   1504 |   2 | 1459.5 |
   Elven Halls |   4556 |   4392 |    164 |    972 |   2170 |   3 | 1518.7 |
         Abyss |    570 |    570 |      0 |     36 |      0 |   2 |  285.0 |
      Ice Cave |    847 |    847 |      0 |    514 |     62 |   1 |  847.0 |
      Gauntlet |    592 |    592 |      0 |     16 |    372 |   1 |  592.0 |
               +--------+--------+--------+--------+--------+-----+--------+

Top non-repeatable levels by time:
 Snake:4: 2539 daAuts
   Orc:2: 2131 daAuts
 Snake:2: 2045 daAuts
   Elf:1: 1976 daAuts
     D:2: 1946 daAuts
   Elf:2: 1924 daAuts
     D:9: 1883 daAuts
 Snake:1: 1423 daAuts
     D:8: 1347 daAuts
     D:1: 1263 daAuts
  Lair:4: 1175 daAuts
  Lair:2: 1165 daAuts
  Lair:5: 1163 daAuts
  Lair:3: 1095 daAuts
     D:3: 1023 daAuts
